Map: Eternal Empire LE

Players

Iago - Winner!

  • Race: Terran Terran
  • League: Gold
  • Spawn Location: 1:00

KingArthur

  • Race: Zerg Zerg
  • League: Gold
  • Spawn Location: 7:00

VOD

Have the link to the VOD?

Description

Time

  • Played on: Sept. 15, 2020, 8:48 p.m.
  • Length: 3:55
Show
View Real Time Build Order
Export as new Build Order

Iago Terran - Winner!

Build Orders:  

Get SALT Encoding   

  12  0:00  SCV  
  13  0:19  Supply Depot  
  13  0:21  SCV  
  14  0:34  SCV  
  15  0:46  SCV  
  15  0:49  Barracks  
  16  1:04  Barracks  
  16  1:08  SCV  
  17  1:20  Barracks  
  17  1:23  SCV  
  18  1:32  Supply Depot  
  18  1:36  SCV  
  19  1:43  Marine  
  20  1:51  Marine  
  21  2:00  Marine  
  22  2:08  Bunker, Marine  
  22  2:11  Marine  
  24  2:18  Marine  
  25  2:26  Marine  
  25  2:27  Supply Depot  
  25  2:29  Marine  
  27  2:30  Refinery  
  27  2:36  Marine  
  28  2:45  Marine  
  28  2:47  Marine  
  30  2:54  Marine  
  30  3:03  Marine  
  30  3:16  Marine x2  
  32  3:21  Marine  
  32  3:34  Marine x2  
  35  3:53  Refinery  
Show
View Real Time Build Order
Export as new Build Order

KingArthur Zerg 

Build Orders: Hatch First 

Get SALT Encoding   

  12  0:02  Drone  
  13  0:12  Overlord  
  13  0:17  Drone  
  14  0:31  Drone x2  
  16  0:50  Hatchery  
  16  0:53  Drone  
  16  0:57  Drone  
  16  1:00  Drone  
  16  1:03  Extractor  
  17  1:20  Spawning Pool  
  17  1:21  Drone  
  17  1:27  Drone  
  17  1:32  Drone  
  19  2:06  Metabolic Boost  
  19  2:07  Queen x2  
  23  2:08  Zergling x2  
  23  2:09  Zergling x4  
  23  2:14  Overlord  
  26  2:27  Baneling Nest  
  26  2:28  Zergling x4  
  24  2:47  Zergling x10  
  26  3:08  Drone  
  26  3:10  Zergling x6  
  26  3:16  Zergling x2  
Tags
 
Add a new tag
Caveats
  • Supply blocks, unpowered buildings, or Contaminate may cause inaccurate times.
  • Supply counts are checked every 10 seconds.